 Dungeon Crawl Stone Soup version 0.18.1-48-g4cf74bf (webtiles) character file.

3337 inmateoo the Covert (level 9, -8/39 HPs)
             Began as a Felid Enchanter on July 26, 2016.
             Was a Priest of Yredelemnul.
             Mangled by Gastronok (26 damage)
             ... on level 9 of the Dungeon.
             The game lasted 00:24:50 (11375 turns).

inmateoo the Covert (Felid Enchanter)              Turns: 11375, Time: 00:24:50

Health: -8/39      AC:  2    Str:  4      XL:     9   Next: 72%
Magic:  15/18      EV: 18    Int: 19 (20) God:    Yredelemnul [***...]
Gold:   573        SH:  0    Dex: 18 (19) Spells: 5 memorised, 7 levels left
                                        Lives:  0   Deaths: 2

rFire  x . .     SeeInvis +       - Unarmed
rCold  + . .     Gourm    .     (armour unavailable)
rNeg   . . .     Faith    .     (shield unavailable)
rPois  .         Spirit   .     (helmet unavailable)
rElec  .         Dismiss  .     (cloak unavailable)
rCorr  .         Reflect  .     (gloves unavailable)
SustAt .         Harm     .     (boots unavailable)
MR     +....                    (no amulet)
Stlth  +++++++...               q - +3 ring of intelligence
                                o - ring of ice

@: quick, somewhat resistant to hostile enchantments, extremely stealthy
A: no armour, no weapons or thrown items, claws 1, fangs 3, see invisible,
carnivore 3, deterioration 1, speed 1, mutation resistance 1, shaggy fur 2, slow
metabolism 1, wild magic 1, sharp paws
a: Recall Undead Slaves, Injury Mirror, Animate Dead, Renounce Religion


You were on level 9 of the Dungeon.
You worshipped Yredelemnul.
Yredelemnul was most pleased with you.
You were very full.

You visited 1 branch of the dungeon, and saw 9 of its levels.

You collected 573 gold pieces.

Inventory:

Jewellery
 o - a ring of ice (left paw)
 q - a +3 ring of intelligence (right paw)
Wands
 c - a wand of digging (12/24)
 d - a wand of slowing (22/48)
 e - a wand of digging (24/24)
Scrolls
 l - 5 scrolls of remove curse
 s - a scroll of teleportation
 v - a scroll of recharging
Potions
 f - 6 potions of curing
 g - a potion of brilliance
 i - 2 potions of cancellation
 j - a potion of ambrosia
 m - a potion of invisibility
 p - 2 potions of haste
 r - a potion of berserk rage
 t - a potion of magic
 u - a potion of heal wounds
Books
 a - a book of Maledictions

   Spells                             Type                      Level
   a - Corona                         Hexes                        1
   b - Ensorcelled Hibernation        Hexes/Ice                    2
   c - Confuse                        Hexes                        3
   d - Tukima's Dance                 Hexes                        3
   e - Dazzling Spray                 Conjuration/Hexes            3
 n - a book of Annihilations

   Spells                             Type                      Level
   a - Poison Arrow                   Conjuration/Poison           6
   b - Chain Lightning                Conjuration/Air              8
   c - Lehudib's Crystal Spear        Conjuration/Earth            8
   d - Glaciate                       Conjuration/Ice              9
   e - Fire Storm                     Conjuration/Fire             9
Comestibles
 b - 5 meat rations
 h - 8 slices of pizza
 k - 3 beef jerkies
 w - a royal jelly


   Skills:
 + Level 3.9 Fighting
 - Level 2.6 Dodging
 + Level 13.1 Stealth
 * Level 7.3 Unarmed Combat
 + Level 5.9 Spellcasting
 - Level 7.2 Hexes


You had 7 spell levels left.
You knew the following spells:

 Your Spells              Type           Power        Failure   Level  Hunger
a - Corona                Hex            #####..      1%          1    None
b - Ensorcelled Hibernat  Hex/Ice        #####.       8%          2    None
c - Confuse               Hex            #####...     3%          3    ##.....
d - Dazzling Spray        Conj/Hex       ####..       14%         3    ##.....
e - Tukima's Dance        Hex            #####...     3%          3    ##.....


Dungeon Overview and Level Annotations

Branches:
Dungeon (9/15)             Temple (0/1) D:4            Lair (0/8) D:8
    Orc: D:9-12

Altars:
Elyvilon
Fedhas
Kikubaaqudgha
Nemelex Xobeh
Qazlal
Trog
Xom
Yredelemnul

Annotations:
D:5 nikopol's ghost, novice MiBe
D:7 1 runed door
D:9 Gastronok


Innate Abilities, Weirdness & Mutations

You cannot wear armour.
You are incapable of wielding weapons or throwing items.
You have sharp claws.
You have razor-sharp teeth.
You have supernaturally acute eyesight.
You are carnivorous and can eat meat at any time.
You cover ground quickly.
You are covered in thick fur (AC +2).
You have a slow metabolism.
Your sharp claws are effective at attacking unaware monsters.
Your body sometimes deteriorates upon taking damage.
You are somewhat resistant to further mutation.
Your spells are a little harder to cast, but a little more powerful.


Message History

You claw Gastronok!
Gastronok is severely wounded.
You claw Gastronok!
Gastronok is severely wounded.
Gastronok bites you!
Your body deteriorates!
You feel dopey.
You claw Gastronok!
Gastronok is almost dead.
You claw Gastronok!
Gastronok is almost dead.
You scratch Gastronok. You bite Gastronok, but do no damage.
Gastronok is almost dead.
You scratch Gastronok but do no damage.
Gastronok is almost dead.
You scratch Gastronok.
Gastronok is almost dead.
Gastronok bites you!!
Ouch! That really hurt!
You die...
Your body rises from the dead as a mindless zombie.

#.##.#####.##...### #.#
#.#.## #...............# #.#
#.#.#. ####.#####....[.# #.#
#.#.#. #.#
####"..#####.####...#. #.#
#..)................ #.#
#....#####.......... #.#
#....# ##.........
#.#######....######.#......[
#..........@.....##.###...#.
#...........w...............
##########.##############.##
#.......########.#
#######..........#
############


You could see Gastronok (confused).

Vanquished Creatures
  The ghost of Wardy the Chucker, an amateur DsGl (D:6)
  A hungry ghost (D:8)
  A human (D:7)
  A hippogriff (D:9)
  Menkaure (D:5)
  3 orc warriors
  An eye of draining (D:8)
  3 sky beasts
  A phantom (D:4)
  A black bear (D:8)
  3 centaurs
  4 giant frogs
  2 big kobolds
  A wyvern skeleton (D:9)
  5 scorpions
  2 wights (D:9)
  2 howler monkeys
  3 crimson imps
  Crazy Yiuf (D:7)
  3 orc priests
  4 hounds
  A jelly (D:6)
  7 orc wizards
  5 iguanas
  8 worker ants
  4 sheep (D:7)
  A hound zombie (D:7)
  A hound skeleton (D:4)
  A worker ant zombie (D:5)
  4 gnolls
  A howler monkey zombie (D:3)
  6 adders
  3 shadow imps
  3 oozes
  An adder zombie (D:9)
  A worm (D:5)
  A dart slug (D:1)
  12 giant geckos
  34 orcs
  5 bats
  5 giant cockroaches
  10 goblins
  5 hobgoblins
  14 jackals
  A quokka (D:6)
  3 ball pythons
  A giant gecko zombie (D:8)
  5 giant newts
  2 jackal zombies
  15 kobolds
  A quokka skeleton (D:9)
  2 quokka zombies (D:5)
  6 rats
213 creatures vanquished.

Vanquished Creatures (collateral kills)
  2 wights (D:9)
  2 orcs
4 creatures vanquished.

Grand Total: 217 creatures vanquished

Notes
Turn   | Place    | Note
--------------------------------------------------------------
     0 | D:1      | inmateoo the Felid Enchanter began the quest for the Orb.
     0 | D:1      | Reached XP level 1. HP: 7/7 MP: 4/4
   273 | D:1      | Reached skill level 5 in Hexes
   337 | D:1      | Reached XP level 2. HP: 8/11 MP: 4/6
   350 | D:1      | Learned a level 2 spell: Ensorcelled Hibernation
  1576 | D:2      | Reached XP level 3. HP: 10/14 MP: 7/7
  1736 | D:2      | Learned a level 3 spell: Confuse
  3126 | D:3      | Reached skill level 5 in Stealth
  3126 | D:3      | Reached XP level 4. HP: 18/18 MP: 0/8
  3222 | D:3      | Reached skill level 1 in Fighting
  4135 | D:4      | Reached XP level 5. HP: 8/22 MP: 0/9
  4412 | D:3      | Reached skill level 6 in Stealth
  4713 | D:3      | Mangled by a gnoll shaman
  4714 | D:3      | Reached XP level 4. HP: -7/19 MP: 0/8
  5294 | D:2      | Found a basalt altar of Yredelemnul.
  5308 | D:2      | Became a worshipper of Yredelemnul the Dark
  5584 | D:4      | Noticed a phantom
  5604 | D:5      | Entered Level 5 of the Dungeon
  5604 | D:5      | Noticed Menkaure
  5626 | D:5      | Noticed a sky beast
  5914 | D:4      | Reached XP level 5. HP: 6/22 MP: 5/9
  6176 | D:4      | Found a staircase to the Ecumenical Temple.
  6463 | D:4      | Gained mutation: You are covered in thick fur (AC +2). [Felid growth]
  6463 | D:4      | Reached XP level 6. HP: 16/26 MP: 0/10
  6622 | D:4      | Reached skill level 7 in Stealth
  6773 | D:5      | Killed a sky beast
  6785 | D:5      | Killed Menkaure
  6785 | D:5      | Reached XP level 7. HP: 30/30 MP: 6/12
  7194 | D:5      | Reached skill level 8 in Stealth
  7316 | D:5      | Noticed nikopol's ghost (novice MiBe)
  7463 | D:5      | Reached * piety under Yredelemnul
  7536 | D:5      | Learned a level 3 spell: Tukima's Dance
  7540 | D:5      | Learned a level 3 spell: Dazzling Spray
  7580 | D:5      | Found a shimmering altar of Xom.
  7581 | D:5      | Found a sparkling altar of Nemelex Xobeh.
  7583 | D:5      | Found a bloodstained altar of Trog.
  7858 | D:5      | Shot with an arrow by a centaur
  7859 | D:5      | Reached XP level 6. HP: -1/27 MP: 7/12
  7994 | D:5      | Found an ancient bone altar of Kikubaaqudgha.
  7996 | D:5      | Found a blossoming altar of Fedhas.
  8077 | D:5      | Reached XP level 7. HP: 30/30 MP: 10/14
  8181 | D:6      | Reached skill level 9 in Stealth
  8277 | D:6      | Noticed Wardy's ghost (amateur DsGl)
  8391 | D:6      | Killed Wardy's ghost
  8391 | D:6      | Reached skill level 5 in Unarmed Combat
  8487 | D:6      | Reached skill level 10 in Stealth
  8545 | D:6      | Reached XP level 8. HP: 30/34 MP: 5/16
  8647 | D:6      | Reached ** piety under Yredelemnul
  9144 | D:6      | Found a stormy altar of Qazlal.
  9332 | D:7      | Reached skill level 11 in Stealth
  9334 | D:7      | Reached skill level 5 in Spellcasting
  9588 | D:7      | Noticed Crazy Yiuf
  9594 | D:7      | Killed Crazy Yiuf
  9787 | D:7      | Found a runed door.
  9788 | D:7      | Found a white marble altar of Elyvilon.
  9788 | D:7      | Noticed an angel
 10074 | D:8      | Reached XP level 9. HP: 38/38 MP: 13/18
 10094 | D:8      | Reached skill level 12 in Stealth
 10114 | D:8      | Gained mutation: Your spells are a little harder to cast, but a little more powerful. [mutagenic meat]
 10116 | D:8      | Gained mutation: Your body sometimes deteriorates upon taking damage. [mutagenic meat]
 10117 | D:8      | Gained mutation: You are somewhat resistant to further mutation. [mutagenic meat]
 10321 | D:8      | Found a staircase to the Lair.
 10982 | D:9      | Reached *** piety under Yredelemnul
 11080 | D:9      | Reached skill level 13 in Stealth
 11171 | D:9      | Noticed Gastronok
 11375 | D:9      | Mangled by Gastronok

Skill      XL: |  1  2  3  4  5  6  7  8  9 |
---------------+----------------------------+-----
Hexes          | 5 6 7 |  7.2
Stealth        | 5 6 7 10 11 13 | 13.1
Fighting       | 1 2 3 |  3.9
Unarmed Combat | 2 3 5 6 7 |  7.3
Spellcasting   | 4 5 |  5.9
Dodging        | |  2.6

Action                   |  1- 3 |  4- 6 |  7- 9 || total
-------------------------+-------+-------+-------++-------
Melee: Unarmed           |   108 |   158 |   261 ||   527
       Bite              |     4 |    10 |    20 ||    34
       Punch             |       |     1 |     6 ||     7
 Cast: Corona            |     1 |       |       ||     1
       Ensorcelled Hiber |    21 |    27 |    56 ||   104
       Confuse           |     1 |    24 |    35 ||    60
       Tukima's Dance    |       |       |     6 ||     6
       Dazzling Spray    |       |       |     6 ||     6
  Use: Scroll            |       |    11 |    12 ||    23
       Potion            |       |     1 |       ||     1
 Stab: Sleeping          |    16 |    24 |    74 ||   114
       Distracted        |       |     2 |     2 ||     4
       Confused          |       |     6 |    21 ||    27
       Invisible         |       |       |     2 ||     2
  Eat: Chunk             |    13 |    17 |    23 ||    53
Armor: Skin              |     3 |     4 |     7 ||    14
Dodge: Dodged            |    70 |   110 |   140 ||   320
